[Event "Early-Titled-Tuesday-Blitz-May-28-2024"]
[Site "Chess.com"]
[Date "2024.05.28"]
[Round "9"]
[White "Jospem"]
[Black "monomita"]
[Result "1/2-1/2"]
[WhiteElo "3009"]
[BlackElo "2743"]
[TimeControl "180+1"]
[EndTime "9:50:21 PDT"]
[Termination "Game drawn - insufficient material"]

1. e4 e6 2. d4 d5 3. Nc3 Bb4 4.
exd5 exd5 5. Bd3 Nf6 6. Bg5 O-O 7. Ne2 h6 8. Bh4 c6 9. Qd2 Re8 10. O-O-O Ne4 11. Bxd8 Nxd2 12. Bh4 Ne4 13. Nxe4 dxe4 14. Bc4 Nd7 15. a3 Ba5 16. Ba2 Nf8 17. h3 Be6 18. Bxe6 Nxe6 19. Bg3 Rad8 20. c3 f5 21. Be5 Bc7 22. Bxc7 Nxc7 23. Ng3 g6 24. Rhe1 Nd5 25.
Ne2 b5 26. Kc2 a5 27. b3 Rb8 28. g3 Kf7 29. Rb1 g5 30. c4 Nb6 31. Kc3 bxc4 32. bxc4 Na4+ 33. Kc2 Nb6 34. Kb3 f4 35. gxf4 gxf4 36.
Kc3 Na4+ 37. Kc2 Rxb1 38. Rxb1 f3 39. Ng3 Rd8 40. Rd1 Rb8 41. Nxe4 Rb2+ 42. Kc1 Re2 43. Nd2 Rxf2 44. Kc2 Nb6 45. Kd3 Rh2 46. Rb1 Nd7 47. Nxf3 Rxh3 48. Ke3 c5 49. Rf1 Ke7 50. Re1 Kd6 51. Rd1 cxd4+ 52. Rxd4+ Kc6 53. Kf2 Rh5 54. Rf4 Ne5 55. Nd4+ Kc5 56. Nb3+ Kd6 57. c5+ Kd5 58. Rd4+ Kc6 59. a4 Nd7 60. Nxa5+ Kc7 61. Nb3 Nxc5 62. Rc4 Kd6 63. Nd4 Ne4+ 64. Ke3 Nc5 65. a5 Rh3+ 66.
Ke2 Rh2+ 67. Kd1 Ra2 68. Nb5+ Kd5 69. Rh4 Rxa5 70. Rxh6 Rxb5 71. Rh5+ Kc4 72. Kc2 Rb8 73. Rh4+ Kd5 74. Rh5+ Kd6 75. Rh6+ Ne6 76. Rh3 Kd5 77. Rh5+ Kc4 78. Rh1 Nd4+ 79. Kd2 Rb2+ 80. Ke3 Re2+ 81.
Kf4 Re8 82. Ra1 Kd3 83. Ra3+ Kc4 84. Ra4+ Kc5 85. Ra5+ Kd6 86. Ra6+ Nc6 87. Kf3 Rf8+ 88. Ke4 Kc5 89. Ra1 Re8+ 90. Kf4 Kd5 91. Rd1+ Nd4 92. Ra1 Rf8+ 93. Kg4 Nc2 94. Ra5+ Ke4 95. Kg5 Nd4 96. Kg6 Rf3 97. Ra8 Ne6 98. Ra4+ Ke5 99. Ra5+ Ke4 100. Ra4+ Nd4 101. Ra8 Rg3+ 102. Kf6 Nf3 103. Ra4+ Nd4 104. Ra8 Rb3 105. Re8+ Kf4 106. Rf8 Rb6+ 107. Ke7+ Ke5 108. Rf1 Rb7+ 109. Ke8 Kd6 110. Rd1 Ke6 111. Rxd4 Rb8+ 112. Rd8 Rxd8+ 113. Kxd8 1/2-1/2

[Event "Early-Titled-Tuesday-Blitz-May-28-2024"]
[Site "Chess.com"]
[Date "2024.05.28"]
[Round "9"]
[White "Kacparov"]
[Black "Cayse"]
[Result "1/2-1/2"]
[WhiteElo "2949"]
[BlackElo "2837"]
[TimeControl "180+1"]
[EndTime "9:50:28 PDT"]
[Termination "Game drawn by repetition"]

1. e4 e5 2. Nf3 Nc6 3. Bc4 Nf6 4. d3 Bc5 5. c3 O-O 6. Bb3 d5 7. exd5 Nxd5 8. O-O Bg4 9. h3 Bh5 10. Re1 f6 11. Nbd2 Kh8 12. Ne4 Bb6 13. Ng3 Bf7 14. Nh4 Qd7 15. Qf3 Rae8 16. Bd2 Be6 17. Rad1 f5 18. Qh5 Kg8 19. Nhxf5 g6 20. Nh6+ Kg7 21. Qh4 Bxf2+ 22. Kh2 Bxe1 23. Rxe1 Nf4 24. Bxe6 Rxe6 25. Qg5 Ref6 26. Bxf4 Rxf4 27. Nh5+ Kh8 28. Nxf4 exf4 29. d4 Qd6 30. Kh1 f3 31. gxf3 Rxf3 32. Kg2 Rf8 33. Ng4 Nd8 34. Qe5+ Qxe5 35. Rxe5 Kg7 36. a4 Rf7 37. a5 Nc6 38. Rc5 a6 39. b4 Re7 40.
Kf3 Nd8 41. Rd5 Nf7 42. Rc5 c6 43. d5 cxd5 44. Rxd5 h5 45. Nf2 Kf6 46. Rc5 Ne5+ 47. Kg3 Rd7 48. Kg2 g5 49. Ne4+ Kf5 50. Nxg5 Kxg5 51.
Rxe5+ Kf4 52. Rxh5 Rd2+ 53. Kf1 Rd3 54. Rc5 Rxh3 55.
Ke2 Ke4 56. Rc4+ Ke5 57. Kd2 Rh2+ 58. Kd3 Rh3+ 59. Kc2 Rh2+ 60. Kb3 Rh7 61. Rc5+ Kd6 62. Kc4 Rh4+ 63. Kb3 Rh7 64. Rc8 Kd7 65. Rg8 Kc6 66. Rg6+ Kc7 67. Rg3 Rh5 68. Rf3 Rh4 69. c4 Kc6 70.
Rf6+ Kc7 71. Kc3 Rh3+ 72. Kd4 Rh4+ 73. Kd5 Rh5+ 74. Ke4 Rh4+ 75. Rf4 Rh5 76. Kd4 Kc6 77. Re4 Kc7 78. Re7+ Kc6 79. Re6+ Kc7 80. Re5 Rh1 81. Kc5 Rh6 82. Re7+ Kc8 83. Re8+ Kc7 84. Re5 Rc6+ 85.
Kd5 Rd6+ 86. Ke4 Rh6 87. Re7+ Kc6 88. Kd4 Rh4+ 89. Re4 Rh6 90. Rf4 Rg6 91. Rf3 Rg4+ 92. Kc3 Rg6 93. Kb3 Rh6 94. Re3 Rh4 95. Re6+ Kc7 96.
Rg6 Rh3+ 97. Ka4 Rh4 98. Rg7+ Kc6 99. c5 Rh1 100. Rg6+ Kc7 101. Rg3 Rh4 102. Kb3 Kc6 103. Rg6+ Kc7 104. Rd6 Rg4 105. Kc3 Rh4 106. Rd4 Rh1 107. Kc4 Rh6 108. Kd5 Rh5+ 109. Ke6 Rh6+ 110. Ke5 Rh5+ 111. Ke4 Rh4+ 112. Kd3 Rh3+ 113. Kc4 Rh6 114. Re4 Rh7 115. Rf4 Rh6 116. b5 axb5+ 117. Kxb5 Kb8 118. Rf7 Ka7 119. Rd7 Kb8 120. Rd6 Rh1 121. a6 Rb1+ 122. Kc4 bxa6 123. Rxa6 Kc7 124. Ra7+ Kc6 125. Ra6+ Kc7 126. Rg6 Rc1+ 127. Kd5 Rd1+ 128. Kc4 Rc1+ 129. Kd5 Rd1+ 130. Kc4 Rc1+ 1/2-1/2

[Event "Early-Titled-Tuesday-Blitz-May-28-2024"]
[Site "Chess.com"]
[Date "2024.05.28"]
[Round "10"]
[White "GMthekingindian"]
[Black "balack95"]
[Result "0-1"]
[WhiteElo "2360"]
[BlackElo "2509"]
[TimeControl "180+1"]
[EndTime "9:53:15 PDT"]
[Termination "balack95 won by checkmate"]

1. d4 Nf6 2. Nf3 d5 3. g3 g6 4. Bg2 Bg7 5. O-O O-O 6. c4 c6 7. b3 Bf5 8. Bb2 Ne4 9. Nbd2 Nd7 10. Ne5 Nxe5 11. dxe5 Nxd2 12. Qxd2 dxc4 13. Qb4 cxb3 14.
Qxb7 Qd2 15. Ba3 Rab8 16. Qxe7 b2 17. Rad1 Qxd1 18. Rxd1 b1=Q 19. Rxb1 Rxb1+ 20. Bf1 Bh3 21. Qxf8+ Bxf8 22. Bxf8 Rxf1# 0-1

[Event "Early-Titled-Tuesday-Blitz-May-28-2024"]
[Site "Chess.com"]
[Date "2024.05.28"]
[Round "10"]
[White "Ginger_GM"]
[Black "Jospem"]
[Result "0-1"]
[WhiteElo "2740"]
[BlackElo "3012"]
[TimeControl "180+1"]
[EndTime "9:54:18 PDT"]
[Termination "Jospem won by resignation"]

1. f4 a5 2. e4 a4 3. a3 e6 4. Nf3 d5 5. Nc3 Nf6 6. e5 Nfd7 7. d4 c5 8. Be3 Nc6 9. Qd2 Be7 10. Be2 O-O 11. O-O b6 12. Nd1 cxd4 13. Nxd4 Nxd4 14. Bxd4 Nc5 15. Nf2 Bd7 16. Qe3 Rc8 17. c3 b5 18.
Rad1 Nb3 19. Bd3 Nxd4 20. cxd4 b4 21. axb4 Bxb4 22. Ng4 Be7 23. f5 exf5 24. Bxf5 Bxf5 25. Rxf5 Qd7 26. Qg3 Qe6 27. Rdf1 Qg6 28. h4 h5 29.
Nf6+ Bxf6 30. R5f4 Qxg3 0-1

[Event "Early-Titled-Tuesday-Blitz-May-28-2024"]
[Site "Chess.com"]
[Date "2024.05.28"]
[Round "10"]
[White "Dubs123"]
[Black "Mesa_1"]
[Result "1-0"]
[WhiteElo "2464"]
[BlackElo "2560"]
[TimeControl "180+1"]
[EndTime "9:54:22 PDT"]
[Termination "Dubs123 won by resignation"]

1. d4 Nf6 2. c4 g6 3. Nc3 Bg7 4. e4 d6 5. f4 O-O 6. Nf3 c5 7. d5 Bg4 8. Be2 e6 9. dxe6 fxe6 10. O-O Nc6 11. Be3 Bxf3 12. Bxf3 Nd4 13. Bxd4 cxd4 14.
Nb5 e5 15. fxe5 dxe5 16. c5 Qd7 17. Nd6 Ne8 18. Qb3+ Kh8 19. Bg4 Rxf1+ 20. Rxf1 1-0

[Event "Early-Titled-Tuesday-Blitz-May-28-2024"]
[Site "Chess.com"]
[Date "2024.05.28"]
[Round "10"]
[White "Al_Shima"]
[Black "Viktor_Poddubnyi"]
[Result "1-0"]
[WhiteElo "2485"]
[BlackElo "2315"]
[TimeControl "180+1"]
[EndTime "9:54:33 PDT"]
[Termination "Al_Shima won by resignation"]

1. c4 g6 2. Nc3 Bg7 3. d4 c5 4.
Nf3 cxd4 5. Nxd4 Nc6 6. Nxc6 dxc6 7. g3 Bxc3+ 8. bxc3 Qxd1+ 9. Kxd1 Be6 10. Kc2 Bxc4 11. a4 O-O-O 12. Bh3+ f5 13. e4 Bd3+ 14. Kb3 Bxe4 15.
Be3 Bxh1 16. Rxh1 Nf6 17. Bxa7 Ne4 18. Bd4 Rhe8 19. Ra1 e5 20. Be3 Rd6 21. a5 Kd7 22.
Bg2 Nd2+ 23. Kc2 Nc4 24. Bc5 Rd2+ 25. Kb3 Rxf2 26. Bxf2 1-0

[Event "Early-Titled-Tuesday-Blitz-May-28-2024"]
[Site "Chess.com"]
[Date "2024.05.28"]
[Round "10"]
[White "ploxoi"]
[Black "Kostya0705"]
[Result "1-0"]
[WhiteElo "2416"]
[BlackElo "2581"]
[TimeControl "180+1"]
[EndTime "9:54:40 PDT"]
[Termination "ploxoi won by resignation"]

1. d4 Nf6 2. c4 e6 3. g3 d5 4. Nf3 Bb4+ 5. Bd2 a5 6. Bg2 O-O 7. Qc2 Bxd2+ 8. Qxd2 c6 9. O-O dxc4 10. a4 Nd5 11.
Na3 Nb6 12. Rfc1 N8d7 13. Nxc4 Nxc4 14. Rxc4 Nb6 15. Rc5 Nd7 16. Rc2 Qe7 17. Qc3 Nb6 18. b3 Nd5 19. Qc5 Qxc5 20. dxc5 Bd7 21. Rd2 Rfd8 22.
Ne5 Be8 23. Nc4 f6 24. Rad1 Rdb8 25. e4 Nb4 26. Nb6 Ra7 27. Bh3 Kf7 28. Rd6 e5 29. Be6+ Ke7 30. Nc8+ 1-0

[Event "Early-Titled-Tuesday-Blitz-May-28-2024"]
[Site "Chess.com"]
[Date "2024.05.28"]
[Round "10"]
[White "SaraBlackPanther"]
[Black "DrCeltic"]
[Result "0-1"]
[WhiteElo "2742"]
[BlackElo "2610"]
[TimeControl "180+1"]
[EndTime "9:54:42 PDT"]
[Termination "DrCeltic won by resignation"]

1. d4 Nf6 2. c4 c6 3. Nc3 d5 4.
cxd5 cxd5 5. Bf4 Nc6 6. e3 a6 7. Rc1 Bg4 8. Nf3 Bxf3 9. Qxf3 e6 10. Bd3 Bd6 11. O-O Bxf4 12. Qxf4 O-O 13. a3 Rc8 14. Na4 Na5 15. Nc5 Qe7 16. Rc3 Nc4 17. b3 Nxa3 18. Rfc1 Nb5 19. Bxb5 axb5 20. h3 h6 21. Ne4 Rxc3 22. Nxf6+ Qxf6 23. Qxf6 Rxc1+ 0-1

[Event "Early-Titled-Tuesday-Blitz-May-28-2024"]
[Site "Chess.com"]
[Date "2024.05.28"]
[Round "10"]
[White "NovakRatko"]
[Black "AnaKuchava"]
[Result "1-0"]
[WhiteElo "2365"]
[BlackElo "2196"]
[TimeControl "180+1"]
[EndTime "9:54:47 PDT"]
[Termination "NovakRatko won by checkmate"]

1. d4 d5 2. c4 e6 3. cxd5 exd5 4. Nc3 c6 5. f3 Nf6 6. e4 dxe4 7. fxe4 Bb4 8. Qd3 O-O 9. Be2 Re8 10. e5 Nd5 11.
Nf3 Bg4 12. Ng5 Bxe2 13. Qxh7+ Kf8 14. Kxe2 Nxc3+ 15. bxc3 Bxc3 16. Ba3+ Re7 17. Qh8# 1-0

[Event "Early-Titled-Tuesday-Blitz-May-28-2024"]
[Site "Chess.com"]
[Date "2024.05.28"]
[Round "10"]
[White "jk13"]
[Black "Milop27"]
[Result "1-0"]
[WhiteElo "2679"]
[BlackElo "2519"]
[TimeControl "180+1"]
[EndTime "9:54:54 PDT"]
[Termination "jk13 won by resignation"]

1. e4 c5 2. c3 Nf6 3. e5 Nd5 4.
Bc4 Nb6 5. Bb3 c4 6. Bc2 Nc6 7. Nf3 Qc7 8. Qe2 g6 9. O-O Bg7 10. Re1 O-O 11. Na3 Na5 12. b4 cxb3 13. axb3 d5 14. Nb5 Qd8 15. Rxa5 a6 16. Nbd4 Bg4 17. h3 Be6 18. Nxe6 fxe6 19. d4 Rc8 20. Bd2 Nc4 21.
Raa1 Nxd2 22. Qxd2 Qc7 23. c4 dxc4 24. bxc4 Rcd8 25. Qc3 Rf4 26. Re4 Rdf8 27. Rxf4 Rxf4 28. c5 Qc6 29. Bb3 1-0

[Event "Early-Titled-Tuesday-Blitz-May-28-2024"]
[Site "Chess.com"]
[Date "2024.05.28"]
[Round "10"]
[White "bazar-wokzal"]
[Black "UK_23"]
[Result "1-0"]
[WhiteElo "2587"]
[BlackElo "2413"]
[TimeControl "180+1"]
[EndTime "9:54:56 PDT"]
[Termination "bazar-wokzal won by resignation"]

1. e4 c5 2. c3 d5 3. exd5 Qxd5 4. d4 e6 5. a3 cxd4 6. cxd4 Nc6 7. Nf3 Nf6 8. Nc3 Qd8 9. Bd3 Be7 10. Be3 O-O 11.
Qc2 b6 12. Ne4 Bb7 13. Nxf6+ Bxf6 14. Bxh7+ Kh8 15. Be4 Rc8 16. Qe2 g6 17. O-O Qd7 18. Rfd1 Rfd8 19. Ne5 Qe7 20. Bxg6 Nxe5 21. Qh5+ Kg8 22.
Qh7+ Kf8 23. Bh6+ Ke8 24. dxe5 1-0

[Event "Early-Titled-Tuesday-Blitz-May-28-2024"]
[Site "Chess.com"]
[Date "2024.05.28"]
[Round "10"]
[White "ljuks68"]
[Black "Adar_07"]
[Result "0-1"]
[WhiteElo "2448"]
[BlackElo "2775"]
[TimeControl "180+1"]
[EndTime "9:55:17 PDT"]
[Termination "Adar_07 won by resignation"]

1. e4 c6 2. d4 d5 3. e5 c5 4. Nf3 Bg4 5. dxc5 e6 6. Be3 Nd7 7. Be2 Bxf3 8. Bxf3 Bxc5 9. Bxc5 Nxc5 10. Be2 Ne7 11.
O-O O-O 12. Kh1 Ng6 13. f4 Ne4 14. Bd3 Nc5 15. Nc3 Rc8 16. Be2 Qb6 17. Rb1 Rfd8 18. Qd4 Ne7 19. g4 Nc6 20. Qg1 Nb4 21. Rbc1 d4 22.
Nb5 d3 0-1

[Event "Early-Titled-Tuesday-Blitz-May-28-2024"]
[Site "Chess.com"]
[Date "2024.05.28"]
[Round "10"]
[White "wild3000"]
[Black "TatjanaVasilevich"]
[Result "0-1"]
[WhiteElo "2383"]
[BlackElo "2597"]
[TimeControl "180+1"]
[EndTime "9:55:22 PDT"]
[Termination "TatjanaVasilevich won on time"]

1. d4 Nf6 2. Nf3 e6 3. g3 d5 4. Bg2 Be7 5. O-O O-O 6. b3 b6 7. Bb2 Bb7 8. Ne5 Nbd7 9. Nd2 Rb8 10. Nxd7 Qxd7 11. Nf3 c5 12. Ne5 Qc7 13. c3 Rfd8 14. e3 a5 15. Qe2 a4 16. Rfe1 Ra8 17. c4 a3 18. Bc3 dxc4 19. Nxc4 Bxg2 20. Kxg2 b5 21.
Ne5 b4 22. Bd2 cxd4 23. exd4 Rxd4 24. Bf4 Qb7+ 25. Qf3 Rd5 26. Rad1 Rad8 27. Rxd5 Qxd5 28. Qxd5 Nxd5 0-1

[Event "Early-Titled-Tuesday-Blitz-May-28-2024"]
[Site "Chess.com"]
[Date "2024.05.28"]
[Round "10"]
[White "Bob_2004"]
[Black "RandomNoob04"]
[Result "1-0"]
[WhiteElo "2556"]
[BlackElo "2763"]
[TimeControl "180+1"]
[EndTime "9:55:28 PDT"]
[Termination "Bob_2004 won by resignation"]

1. d4 Nf6 2. c4 c5 3. d5 b5 4.
cxb5 a6 5. Nc3 axb5 6. e4 b4 7. Nb5 d6 8. Bf4 g5 9. Bxg5 Nxe4 10. Bf4 Qa5 11. Bd3 Nf6 12. Nf3 Ba6 13. a4 bxa3+ 14. Bd2 Qb6 15. Rxa3 Bg7 16. Ba5 Qxb5 17. Bxb5+ Bxb5 18. Qb3 Ba6 19. Bc3 O-O 20. Qa2 c4 21. O-O Nxd5 22.
Bxg7 Kxg7 23. Nd4 Nb4 24. Rg3+ Kh8 25. Qa5 e5 26. Qxb4 exd4 27. Qxd6 1-0

[Event "Early-Titled-Tuesday-Blitz-May-28-2024"]
[Site "Chess.com"]
[Date "2024.05.28"]
[Round "10"]
[White "mangochessgo"]
[Black "RobertoJBM"]
[Result "1-0"]
[WhiteElo "2630"]
[BlackElo "2771"]
[TimeControl "180+1"]
[EndTime "9:55:33 PDT"]
[Termination "mangochessgo won by resignation"]

1. d4 d5 2. Nf3 Nf6 3. Bf4 c5 4. e3 Nc6 5. Nbd2 Bf5 6. c3 e6 7. Be2 Qb6 8. b3 h6 9. O-O Be7 10. c4 cxd4 11. exd4 O-O 12. c5 Qd8 13. a3 Ne4 14. Rc1 Bf6 15. b4 Nxd4 16. Nxd4 Bxd4 17. Nxe4 dxe4 18. Bd6 e5 19. Bxf8 Qxf8 20. Kh1 Be6 21. Bc4 Bxc4 22. Rxc4 f5 23. Qc2 Qf7 24. b5 Qd5 25. c6 Qxb5 26. Rb1 1-0

[Event "Early-Titled-Tuesday-Blitz-May-28-2024"]
[Site "Chess.com"]
[Date "2024.05.28"]
[Round "10"]
[White "Lion-Al-Messi"]
[Black "Quattroporte300"]
[Result "1-0"]
[WhiteElo "2615"]
[BlackElo "2396"]
[TimeControl "180+1"]
[EndTime "9:55:47 PDT"]
[Termination "Lion-Al-Messi won by resignation"]

1. e4 c5 2. Nf3 a6 3. c3 d5 4. exd5 Qxd5 5. d4 Nf6 6. Be2 e6 7. O-O Nc6 8. Be3 Be7 9. dxc5 Qxd1 10. Rxd1 Ng4 11. b4 Nxe3 12. fxe3 f6 13. Nbd2 Kf7 14. Nc4 e5 15. Nd6+ Bxd6 16. Rxd6 Ke7 17. Rad1 Be6 18.
a4 Rhd8 19. a5 Rxd6 20. Rxd6 Rd8 21. Rxd8 Nxd8 22. Nd2 Kd7 23. Bf3 Kc7 24. Ne4 Nf7 25. Nd6 f5 26. Nxf7 Bxf7 27. Kf2 Bc4 28. Be2 Bd5 29. g4 f4 30. exf4 exf4 31. g5 Kd7 32. Bf3 Ke6 33. h4 Bc6 34. c4 Ke5 35. Bxc6 bxc6 36.
b5 cxb5 37. cxb5 Kd5 38. bxa6 Kc6 39. Kf3 1-0

[Event "Early-Titled-Tuesday-Blitz-May-28-2024"]
[Site "Chess.com"]
[Date "2024.05.28"]
[Round "10"]
[White "FrenchPlayer2203"]
[Black "eightbyeightchess"]
[Result "1-0"]
[WhiteElo "2146"]
[BlackElo "2377"]
[TimeControl "180+1"]
[EndTime "9:55:49 PDT"]
[Termination "FrenchPlayer2203 won by resignation"]

1. d4 Nf6 2. c4 g6 3. Nc3 Bg7 4. e4 d6 5. Nf3 O-O 6. Be2 Nc6 7. d5 Nb8 8. O-O Nbd7 9. Qc2 a5 10. Bg5 Nc5 11. Rab1 Bg4 12. b3 Nfd7 13. Bd2 f5 14. h3 Bxf3 15. Bxf3 Ne5 16. Be2 fxe4 17. Nxe4 Nxe4 18.
Qxe4 Qd7 19. f4 a4 20. fxe5 Bxe5 21. Bg4 1-0

[Event "Early-Titled-Tuesday-Blitz-May-28-2024"]
[Site "Chess.com"]
[Date "2024.05.28"]
[Round "10"]
[White "Chessbard1972"]
[Black "InitiatingASC"]
[Result "1-0"]
[WhiteElo "2412"]
[BlackElo "2405"]
[TimeControl "180+1"]
[EndTime "9:55:57 PDT"]
[Termination "Chessbard1972 won by resignation"]

1. e4 e5 2. Nf3 Nf6 3. d4 Nxe4 4.
Bd3 d5 5. Nxe5 Nc6 6. Nxc6 bxc6 7. O-O Be7 8. c4 Nf6 9. Nc3 O-O 10. h3 dxc4 11.
Bxc4 c5 12. d5 Rb8 13. b3 Bf5 14. Be3 Ne4 15. Nxe4 Bxe4 16. Rc1 Qd7 17. f3 Bg6 18. Qe2 c6 19. Rfd1 cxd5 20. Bxd5 Qb5 21. Qf2 Rfc8 22. Bc4 Qa5 23. a4 Bf6 24. Rd7 Rc7 25. Rcd1 Rxd7 26.
Rxd7 Bc3 27. Bxc5 Be1 28. Qd4 Bc3 29. Qd5 1-0

[Event "Early-Titled-Tuesday-Blitz-May-28-2024"]
[Site "Chess.com"]
[Date "2024.05.28"]
[Round "10"]
[White "zurzan"]
[Black "Andrii_Prydun"]
[Result "0-1"]
[WhiteElo "2138"]
[BlackElo "2366"]
[TimeControl "180+1"]
[EndTime "9:56:06 PDT"]
[Termination "Andrii_Prydun won by resignation"]

1. c4 Nf6 2. g3 g6 3. Bg2 Bg7 4. Nc3 O-O 5. Nf3 c6 6. O-O d5 7. cxd5 cxd5 8. d3 Nc6 9. Bd2 e5 10. e4 d4 11. Ne2 Qd5 12. b3 Qd6 13. a3 Be6 14. b4 Nd7 15. Ne1 a5 16. f4 f6 17. f5 Bf7 18. b5 Ne7 19. a4 Rac8 20. Bh3 Rc7 21. fxg6 hxg6 22. Rc1 b6 23. Rxc7 Qxc7 24.
Nf3 Nc5 25. Qc2 Bb3 26. Qc1 Qd6 27. Nh4 Nxd3 28. Qb1 Nc5 29. Rc1 Bxa4 30. Qa2+ Bb3 31. Qa3 Bf7 32. Bxa5 Ra8 33. Rd1 Rxa5 34. Qb4 Ra4 35. Qb2 Ra2 0-1

[Event "Early-Titled-Tuesday-Blitz-May-28-2024"]
[Site "Chess.com"]
[Date "2024.05.28"]
[Round "10"]
[White "Durarbayli"]
[Black "DominguezOnYoutube"]
[Result "1-0"]
[WhiteElo "2933"]
[BlackElo "2984"]
[TimeControl "180+1"]
[EndTime "9:56:07 PDT"]
[Termination "Durarbayli won by resignation"]

1. e4 e5 2. Nf3 Nc6 3. d4 exd4 4. Nxd4 Nf6 5. Nxc6 bxc6 6. e5 Qe7 7. Qe2 Nd5 8.
h4 Qe6 9. Nd2 a5 10. g3 Nb4 11.
Nf3 Ba6 12. c4 Qg6 13. Kd1 c5 14. a3 Nc6 15. h5 Qe6 16. Rh4 Be7 17. Bh3 f5 18.
exf6 Qxe2+ 19. Kxe2 Bxf6 20. Re4+ Kd8 21. Bg5 Rb8 22. Rd1 Rxb2+ 23. Kf1 Bc8 24. h6 d6 25. hxg7 Bxh3+ 26. Kg1 Rg8 27. Bxf6+ Kd7 28. Bxb2 1-0

[Event "Early-Titled-Tuesday-Blitz-May-28-2024"]
[Site "Chess.com"]
[Date "2024.05.28"]
[Round "10"]
[White "theoneandonlydaaevik"]
[Black "suyu28"]
[Result "1-0"]
[WhiteElo "2620"]
[BlackElo "2754"]
[TimeControl "180+1"]
[EndTime "9:56:12 PDT"]
[Termination "theoneandonlydaaevik won by resignation"]

1. Nf3 Nf6 2. g3 b5 3. Bg2 Bb7 4. O-O e6 5. d3 d5 6. c4 bxc4 7. dxc4 c5 8. Nc3 d4 9. Nb5 a6 10. Na3 Nbd7 11. Nc2 e5 12. Bg5 Be7 13. Re1 e4 14. Nd2 O-O 15. b4 h6 16. Bxf6 Nxf6 17.
bxc5 Bxc5 18. Nb3 Bb4 19. Nxb4 1-0

[Event "Early-Titled-Tuesday-Blitz-May-28-2024"]
[Site "Chess.com"]
[Date "2024.05.28"]
[Round "10"]
[White "ATM622"]
[Black "Peng_Li-Min"]
[Result "1/2-1/2"]
[WhiteElo "2579"]
[BlackElo "2753"]
[TimeControl "180+1"]
[EndTime "9:56:13 PDT"]
[Termination "Game drawn by repetition"]

1. d4 Nf6 2. c4 e5 3. dxe5 Ng4 4. Nf3 Bc5 5. e3 Nc6 6. Nc3 O-O 7. Be2 Re8 8. O-O a5 9. Nd4 Ngxe5 10. f4 Ng6 11. Kh1 d6 12. Nd5 Bxd4 13. exd4 Nxd4 14. Qxd4 Rxe2 15. f5 Bxf5 16. Bh6 gxh6 17. Rxf5 Qh4 18. Nf6+ Kh8 19. Qc3 Ne5 20. c5 Qb4 21. Qh3 Re1+ 22.
Rf1 Rxa1 23. Rxa1 Qxb2 24. Rf1 Qd2 25. Qf5 Qd3 26. Ne4 Rg8 27. Qf6+ Rg7 28. Qd8+ Rg8 29.
Qf6+ Rg7 30. Qd8+ Rg8 31. Qf6+ 1/2-1/2

[Event "Early-Titled-Tuesday-Blitz-May-28-2024"]
[Site "Chess.com"]
[Date "2024.05.28"]
[Round "10"]
[White "GrotBchess"]
[Black "Budag-Leyla"]
[Result "0-1"]
[WhiteElo "2572"]
[BlackElo "2278"]
[TimeControl "180+1"]
[EndTime "9:56:16 PDT"]
[Termination "Budag-Leyla won by resignation"]

1. e4 e6 2. d4 d5 3. Nc3 Nf6 4. e5 Nfd7 5. Nce2 c5 6. c3 Nc6 7.
Nf3 Qb6 8. h4 cxd4 9. cxd4 f6 10. exf6 Nxf6 11. a3 Bd6 12. Bf4 Bxf4 13. Nxf4 Qxb2 14.
Bd3 Qc3+ 15. Kf1 O-O 16. Rh3 e5 17. Ne2 Qa5 18. dxe5 Bxh3 19. exf6 Bg4 20. fxg7 Kxg7 21. Ng3 Bxf3 22. gxf3 d4 23. Be4 Rad8 24. Qd3 Ne5 25. Qb3 Qb6 26. Qc2 d3 27. Qc3 Rde8 28. Nf5+ Kh8 29.
Bxd3 Qf6 30. Re1 Re6 31. Be4 Ng6 32. Qxf6+ Rexf6 33. h5 Nf4 34. h6 Rg6 35. Rc1 Rfg8 36. Ng3 Rxh6 37. Rc7 Rd8 38. Ke1 Rhd6 39. Bc2 Rc6 40.
Rxc6 bxc6 41. Ne4 Kg7 42. Nc5 h5 43. Be4 h4 44. Bf5 Rd5 45. Ne6+ Nxe6 46. Bxe6 Re5+ 47.
Kf1 Rxe6 0-1

[Event "Early-Titled-Tuesday-Blitz-May-28-2024"]
[Site "Chess.com"]
[Date "2024.05.28"]
[Round "10"]
[White "topce"]
[Black "SoCalJuniorChess"]
[Result "1-0"]
[WhiteElo "2411"]
[BlackElo "2245"]
[TimeControl "180+1"]
[EndTime "9:56:16 PDT"]
[Termination "topce won by resignation"]

1. e4 d5 2. exd5 Qxd5 3. d4 e5 4. Nf3 Bg4 5. Nc3 Bb4 6. dxe5 Bxc3+ 7. bxc3 Bxf3 8. gxf3 Qxe5+ 9. Qe2 Nc6 10. Bf4 Qxe2+ 11. Bxe2 O-O-O 12. Rg1 g6 13. Rd1 Rxd1+ 14. Kxd1 Nf6 15.
Kc1 Nd5 16. Bd2 Nb6 17. f4 Na5 18. f5 Nac4 19. Bh6 Re8 20. Bd3 Ne5 21. Be2 Nd5 22. Bd2 c5 23. fxg6 hxg6 24. h4 Rh8 25. h5 gxh5 26.
Rg5 f6 27. Rxh5 Rxh5 28. Bxh5 Kd7 29. f4 Nc6 30. Bg4+ Kd6 31. c4 Nb6 32. Bc3 Ke7 33.
Be2 Na5 34. Bxa5 1-0

[Event "Early-Titled-Tuesday-Blitz-May-28-2024"]
[Site "Chess.com"]
[Date "2024.05.28"]
[Round "10"]
[White "Arteler"]
[Black "rookpower2004"]
[Result "1-0"]
[WhiteElo "2260"]
[BlackElo "2472"]
[TimeControl "180+1"]
[EndTime "9:56:17 PDT"]
[Termination "Arteler won by resignation"]

1. e4 e5 2. Nf3 d6 3. d4 Nd7 4. Nc3 c6 5. Bc4 Be7 6. dxe5 dxe5 7. Be3 h6 8. Qd2 Ngf6 9. O-O-O b5 10. Bb3 a5 11. a4 b4 12. Ne2 Nxe4 13. Qd3 Nd6 14. Ng3 Ba6 15. Qd2 O-O 16. Bxh6 gxh6 17. Qxh6 e4 18. Nh5 Nf5 19. Qg6+ Kh8 20. Qxf5 exf3 21. Rxd7 Bg5+ 22. Kb1 fxg2 23. Rg1 Bc8 24. Qe5+ f6 25. Rxd8 fxe5 26. Rxf8+ Kh7 27. c3 bxc3 28. Bc2+ 1-0

[Event "Early-Titled-Tuesday-Blitz-May-28-2024"]
[Site "Chess.com"]
[Date "2024.05.28"]
[Round "10"]
[White "Felix-Rose"]
[Black "martinmena"]
[Result "1-0"]
[WhiteElo "2286"]
[BlackElo "2126"]
[TimeControl "180+1"]
[EndTime "9:56:25 PDT"]
[Termination "Felix-Rose won by resignation"]

1. e4 c6 2. d4 d5 3. e5 Bf5 4. h4 h5 5. Bd3 Bxd3 6. Qxd3 Qa5+ 7. Bd2 Qa6 8. e6 Qxd3 9. exf7+ Kxf7 10. cxd3 Nf6 11.
Nf3 Nbd7 12. O-O g6 13. Re1 Bh6 14. Bxh6 Rxh6 15. Nbd2 Rhh8 16. Ng5+ Kf8 17. Re6 Nh7 18. Rxg6 Nxg5 19. Rxg5 Nf6 20. Re1 Kf7 21. Nf3 Rag8 22. Rge5 Re8 23. Ng5+ Kf8 24. Ne6+ Kf7 25. Nc7 Rc8 26.
Rxe7+ Kg6 27. Ne6 Rhg8 28. Re5 Kh6 29. Nf4 Rg4 30. g3 Rcg8 31. Kf1 R8g7 32. R7e6 Rf7 33.
Nxh5 Kg6 34. Nf4+ Kh7 35. Rf5 Kg7 36. Rfxf6 Rxf6 37. Nh5+ Kg6 38. Nxf6 Kf5 39. Nxg4 Kxe6 40. Ne3 1-0

[Event "Early-Titled-Tuesday-Blitz-May-28-2024"]
[Site "Chess.com"]
[Date "2024.05.28"]
[Round "10"]
[White "Sondremelaa"]
[Black "David_Arutinian"]
[Result "0-1"]
[WhiteElo "2574"]
[BlackElo "2813"]
[TimeControl "180+1"]
[EndTime "9:56:27 PDT"]
[Termination "David_Arutinian won by resignation"]

1. d4 Nf6 2. Bf4 d5 3. e3 e6 4.
Nf3 Bd6 5. Ne5 O-O 6. Nd2 c5 7.
c3 b6 8. h4 Ba6 9. Bxa6 Nxa6 10. h5 Qc7 11. h6 g6 12. g4 Nd7 13. Ndf3 Nab8 14. g5 Nc6 15. Nxc6 Qxc6 16. Ne5 Bxe5 17. Bxe5 Nxe5 18. dxe5 d4 19. Rh4 dxc3 20. bxc3 Rfd8 21. Qe2 Qd5 22. f4 Qe4 23. Kf2 Rd3 24. Rhh1 Rad8 25. Rhd1 c4 26. Rac1 Qd5 27. Rxd3 cxd3 28. Qd2 b5 29. Rb1 a6 30. Kg3 a5 31. a3 Qc4 32.
Rd1 Kf8 33. Kf3 Ke7 34. e4 Rd7 35. Rc1 Qc5 36. Qb2 d2 37. Rd1 Rd3+ 38. Kg4 Qe3 0-1

[Event "Early-Titled-Tuesday-Blitz-May-28-2024"]
[Site "Chess.com"]
[Date "2024.05.28"]
[Round "10"]
[White "Gumugama"]
[Black "Willi_Skibbe"]
[Result "0-1"]
[WhiteElo "2304"]
[BlackElo "2265"]
[TimeControl "180+1"]
[EndTime "9:56:28 PDT"]
[Termination "Willi_Skibbe won by resignation"]

1. e4 e5 2. Nf3 Nf6 3. d4 Nxe4 4. Bd3 d5 5. Nxe5 Nd7 6. O-O Nxe5 7. dxe5 Nc5 8. Be2 Be7 9. f4 g6 10. Nc3 c6 11. Be3 Bf5 12. g4 Be4 13. Nxe4 Nxe4 14. f5 Bg5 15. Bd4 c5 16. Bb5+ Kf8 17. Bf2 Nxf2 18.
Rxf2 Be3 19. Qf3 Bxf2+ 20. Qxf2 Qb6 21. c4 gxf5 22. gxf5 Rg8+ 23. Kf1 dxc4 24. Bxc4 Qc6 25. f6 Qh1+ 26. Ke2 Qe4+ 0-1